Map: King Sejong Station LE

Players

Timorous

  • Race: Terran Terran
  • League: Master

IIIIIIIIIIII - Winner!

  • Race: Protoss Protoss
  • League: Master

VOD

Have the link to the VOD?

Description

Time

  • Played on: Oct. 15, 2016, 2:20 p.m.
  • Length: 7:46
Show
View Real Time Build Order
Export as new Build Order

Timorous Terran 

Build Orders: MMM Bio 

Get SALT Encoding   

  12  0:00  SCV  
  13  0:13  SCV  
  14  0:17  Supply Depot  
  14  0:25  SCV  
  15  0:39  SCV  
  15  0:40  Barracks  
  16  0:45  Refinery  
  16  0:51  SCV  
  17  1:03  SCV  
  18  1:16  SCV  
  19  1:32  Marine  
  21  1:33  Orbital Command  
  20  1:43  Command Center  
  20  1:53  Barracks Reactor  
  20  1:59  SCV  
  21  2:02  Supply Depot  
  21  2:09  Factory  
  21  2:14  SCV  
  22  2:18  Refinery  
  22  2:26  SCV  
  22  2:28  Marine  
  22  2:29  Marine  
  25  2:38  SCV  
  26  2:47  Marine x2  
  26  2:50  SCV  
  29  2:55  Starport, Factory Tech Lab  
  29  2:58  Orbital Command  
  28  3:06  Marine  
  28  3:07  Marine  
  28  3:12  SCV  
  29  3:16  Cyclone  
  33  3:25  SCV  
  33  3:26  SCV  
  35  3:27  Marine x2  
  35  3:33  Medivac  
  39  3:37  SCV  
  41  3:41  SCV  
  41  3:48  Supply Depot  
  43  3:54  Barracks  
  43  3:55  SCV  
  42  3:56  SCV  
  42  3:59  Marine, Factory Tech Lab  
  42  4:00  Stimpack  
  44  4:06  Refinery, Starport Reactor  
  44  4:07  SCV  
  44  4:09  SCV  
  46  4:17  Barracks  
  46  4:20  Engineering Bay, SCV  
  46  4:22  Marine  
  48  4:25  SCV  
  49  4:32  SCV  
  49  4:35  Factory Reactor  
  49  4:38  Supply Depot, SCV  
  51  4:41  Marine x3  
  54  4:46  Terran Infantry Weapons Level 1  
  54  4:50  Refinery  
  54  4:57  SCV  
  54  4:59  Medivac  
  56  5:11  SCV  
  56  5:12  Marine x2  
  56  5:13  Marauder  
  59  5:17  Widow Mine  
  61  5:21  Supply Depot  
  61  5:22  Missile Turret, Supply Depot  
  61  5:23  Widow Mine  
  61  5:24  Missile Turret  
  61  5:28  Barracks  
  63  5:30  Combat Shields, Marauder  
  63  5:31  Marine x2  
  67  5:36  SCV  
  67  5:38  Bunker, SCV  
  69  5:43  Marauder  
  69  5:47  Widow Mine  
  73  5:52  SCV  
  73  5:56  Medivac x2  
  78  5:57  Marine  
  78  6:00  SCV  
  81  6:04  SCV  
  81  6:06  Marauder  
  81  6:07  Marauder  
  85  6:11  Barracks  
  85  6:13  SCV  
  85  6:17  Supply Depot  
  86  6:26  SCV  
  73  6:35  Marine x2  
  73  6:36  Marauder  
  73  6:38  SCV  
  65  6:40  Marine  
  65  6:42  Barracks Tech Lab  
  65  6:43  SCV  
  61  6:50  Orbital Command  
  61  6:53  Marine x2  
  63  6:57  Marine, Marauder  
  63  6:58  Marine  
  64  7:04  Marine  
  65  7:08  SCV  
  65  7:12  Marine  
  66  7:16  Marauder  
Show
View Real Time Build Order
Export as new Build Order

IIIIIIIIIIII Protoss - Winner!

Build Orders: 1 Gate Expand 

Get SALT Encoding   

  12  0:01  Probe (Chrono Boost)  
  13  0:11  Probe (Chrono Boost)  
  14  0:17  Pylon  
  14  0:22  Probe (Chrono Boost)  
  15  0:35  Probe (Chrono Boost)  
  16  0:37  Gateway  
  16  0:46  Probe (Chrono Boost)  
  17  0:56  Probe (Chrono Boost)  
  18  1:12  Nexus  
  19  1:18  Probe (Chrono Boost)  
  19  1:24  Cybernetics Core  
  19  1:29  Assimilator  
  19  1:34  Assimilator  
  19  1:36  Probe (Chrono Boost)  
  20  1:44  Pylon  
  20  1:47  Probe (Chrono Boost)  
  21  1:58  Adept  
  21  1:59  Probe (Chrono Boost)  
  24  2:08  Warp Gate  
  24  2:11  Probe (Chrono Boost)  
  26  2:23  Probe (Chrono Boost)  
  26  2:25  Probe (Chrono Boost)  
  26  2:28  Twilight Council  
  27  2:35  Probe x2 (Chrono Boost)  
  29  2:46  Robotics Facility  
  29  2:47  Probe (Chrono Boost)  
  29  2:50  Probe (Chrono Boost)  
  31  2:57  Probe (Chrono Boost)  
  32  3:01  Resonating Glaives  
  32  3:13  Probe (Chrono Boost)  
  32  3:14  Probe (Chrono Boost)  
  34  3:21  Gateway x2  
  34  3:26  Probe (Chrono Boost)  
  37  3:28  Warp Prism  
  37  3:29  Mothership Core (Chrono Boost)  
  39  3:40  Pylon  
  39  3:48  Gateway  
  39  3:49  Gateway  
  39  3:55  Gateway  
  39  4:00  Gateway  
  39  4:05  Probe (Chrono Boost)  
  39  4:07  Pylon  
  40  4:12  Observer  
  41  4:18  Pylon  
  41  4:22  Adept x2  
  41  4:23  Adept  
  47  4:35  Pylon  
  43  5:09  Warp Prism  
  43  5:12  Adept x5  
  43  5:13  Adept x2, Probe x2 (Chrono Boost)  
  55  5:25  Pylon  
  55  5:33  Pylon  
  55  5:35  Adept x3  
  57  5:36  Adept x3  
  57  5:38  Adept  
  69  5:47  Observer  
  70  5:54  Probe x2 (Chrono Boost)  
  72  6:10  Adept x5  
  72  6:11  Adept x2  
  82  6:47  Adept x2  
  82  6:48  Adept x3  
  82  6:49  Adept  
  90  7:08  Adept x3  
  82  7:09  Adept x3  
  82  7:10  Adept  
  82  7:32  Adept x6  
  82  7:33  Adept  
Tags
 
Add a new tag
Caveats
  • Supply blocks, unpowered buildings, or Contaminate may cause inaccurate times.
  • Supply counts are checked every 10 seconds.